 Dungeon Crawl Stone Soup version 0.23.2-30-g0e89c35649 (webtiles) character file.

Game seed: 9626644401186086213

205 Mrkan the Skirmisher (level 5, -3/34 HPs)
             Began as a Gargoyle Fighter on June 23, 2019.
             Killed from afar by an orc wizard (9 damage)
             ... with a puff of frost
             ... on level 3 of the Dungeon.
             The game lasted 00:04:09 (2605 turns).

Mrkan the Skirmisher (Gargoyle Fighter)             Turns: 2605, Time: 00:04:10

Health: -3/34      AC: 10    Str: 19    XL:     5   Next: 83%
Magic:  5/5        EV:  7    Int:  9    God:
Gold:   162        SH:  9    Dex: 10    Spells: 4/4 levels left

rFire    . . .     SeeInvis .   m - +2 flail (drain)
rCold    . . .     Gourm    .   c - +0 shield
rNeg     + . .     Faith    .   b - +0 scale mail
rPois    ∞         Spirit   .   (no helmet)
rElec    +         Reflect  .   (no cloak)
rCorr    .         Harm     .   (no gloves)
MR       .....                  (no boots)
Stlth    ..........             (no amulet)
HPRegen  0.11/turn              (no ring)
MPRegen  0.09/turn              (no ring)

@: no status effects
A: negative energy resistance 1, electricity resistance, unbreathing,
petrification resistance, rot immunity, AC +4
a: no special abilities


You were on level 3 of the Dungeon.
You were not hungry.

You visited 1 branch of the dungeon, and saw 3 of its levels.

You collected 162 gold pieces.

Inventory:

Hand Weapons
 a - a +0 flail
 m - a +2 flail of draining (weapon)
Armour
 b - a +0 scale mail (worn)
 c - a +0 shield (worn)
Scrolls
 e - 3 scrolls of identify {unknown}
 g - a scroll of blinking {unknown}
 i - a scroll of remove curse {unknown}
 j - 5 scrolls of teleportation {unknown}
 n - a scroll of amnesia {unknown}
 r - a scroll of enchant armour {unknown}
Potions
 d - 2 potions of might
 h - a potion of invisibility {unknown}
 k - 2 potions of cancellation {unknown}
 l - 2 potions of lignification {unknown}
 o - a potion of flight {unknown}
 p - a potion of ambrosia {unknown}
 q - a potion of curing {unknown}
Comestibles
 f - 4 rations


   Skills:
 + Level 4.4 Fighting
 * Level 4.3 Maces & Flails
 - Level 3.2 Armour
 + Level 4.4 Shields


You had 4 spell levels left.
You didn't know any spells.
Your spell library was empty.

Dungeon Overview and Level Annotations

Branches:
Dungeon (3/15)

Altars:
Elyvilon
Fedhas
Hepliaklqana
Kikubaaqudgha
Uskayaw

Annotations:
D:3 1 runed translucent door, Sassnad's ghost, amateur FoFi


Innate Abilities, Weirdness & Mutations

You are resistant to torment.
Your stone body is resilient. (AC +4)
You are immune to poison.
You resist negative energy. (rN+)
You are resistant to electric shocks. (rElec)
You can survive without breathing.
You are immune to petrification.
You are immune to rotting.


Message History

You barely miss something.
You hear some strange, mumbled words.
A puff of frost appears from out of thin air!
The puff of frost hits you. You block something's attack.
You barely miss something. Something hits you but does no damage.
You closely miss something.
Something hits you but does no damage. x2
You closely miss something.
You hear some strange, mumbled words.
A puff of frost appears from out of thin air!
The puff of frost hits you.
* * * LOW HITPOINT WARNING * * *
You hear some strange, mumbled words.
A puff of frost appears from out of thin air!
The puff of frost hits you.
* * * LOW HITPOINT WARNING * * *
You miss something. Something hits you but does no damage.
You hear some strange, mumbled words.
A puff of frost appears from out of thin air!
The puff of frost hits you!
You die...

#............# #.#
#.##############)#
#.#####..........#
#.................
#.#####.##..###...
#.# #...........
#.# #.#.....#...
#.# #...........
#@# #.#.⌠.⌠.#...
#{# ##...........
#.# #..#.....#...
#.# #....._......
##'####..#.....#...
#.....#............
#.....#..#.⌠.⌠.#...
#.>................
#.....##.#.....#.##


There were no monsters in sight!

Vanquished Creatures
  A hound (D:3)
  7 adders
  A shadow imp (D:2)
  A worm (D:2)
  3 leopard geckos
  8 orcs
  2 ball pythons
  9 bats
  7 giant cockroaches
  15 goblins
  6 hobgoblins
  2 jackals (D:1)
  10 kobolds
  7 frilled lizards
  9 rats
88 creatures vanquished.

Notes
Turn   | Place    | Note
-------+----------+-------------------------------------------
     0 | D:1      | Mrkan the Gargoyle Fighter began the quest for the Orb.
     0 | D:1      | Reached XP level 1. HP: 14/14 MP: 1/1
    86 | D:1      | Reached XP level 2. HP: 17/19 MP: 2/2
   336 | D:1      | Reached XP level 3. HP: 15/23 MP: 3/3
  1324 | D:2      | Reached XP level 4. HP: 28/29 MP: 4/4
  1896 | D:3      | Reached XP level 5. HP: 31/33 MP: 5/5
  2043 | D:3      | Found an ancient bone altar of Kikubaaqudgha.
  2043 | D:3      | Found a hazy altar of Hepliaklqana.
  2044 | D:3      | Found a hide-covered altar of Uskayaw.
  2064 | D:3      | Found a blossoming altar of Fedhas.
  2141 | D:3      | Found a runed translucent door.
  2183 | D:3      | Noticed Sassnad's ghost (amateur FoFi)
  2336 | D:3      | Found a white marble altar of Elyvilon.
  2605 | D:3      | Killed from afar by an orc wizard

Skill      XL: |  1  2  3  4  5 |
---------------+----------------+-----
Maces & Flails | 3 4 |  4.3
Fighting       | 4 |  4.4
Shields        | 4 |  4.4
Armour         | |  3.2

Action                   |  1- 3 |  4- 6 || total
-------------------------+-------+-------++-------
Melee: Flail             |   194 |   152 ||   346
  Eat: Chunk             |     2 |     4 ||     6
Armor: Scale mail        |   116 |    76 ||   192
Dodge: Dodged            |    69 |    46 ||   115
Block: Shield            |   133 |    71 ||   204
